 Dungeon Sprint DCSS version 0.27-a0-463-gec7707c53d (webtiles) character file.

Game seed: 5784832831284956617

410 rocky1 the Fighter (level 6, -3/72 HPs)
             Began as an Ogre Hunter on Mar 1, 2021.
             Was a High Priest of Cheibriados.
             Slain by an orc warrior
             ... wielding a +0 short sword
              (14 damage)
             ... in the Dungeon (Sprint VII: "The Pits").
             The game lasted 00:02:53 (440 turns).

rocky1 the Fighter (Ogre Hunter)                     Turns: 440, Time: 00:02:55

Health: -3/72      AC:  3    Str: 31    XL:     6   Next: 89%
Magic:  5/10       EV: 14    Int: 26    God:    Cheibriados [*****.]
Gold:   0          SH:  0    Dex: 22    Spells: 5/5 levels left

rFire    . . .     SeeInvis .   p - +1 hand axe (vorpal)
rCold    . . .     Faith    .   (no shield)
rNeg     . . .     Spirit   .   b - +0 robe
rPois    .         Reflect  .   (helmet restricted)
rElec    .         Harm     .   (no cloak)
rCorr    .         Rampage  .   (gloves unavailable)
Will     .....     NoTele   +   (boots unavailable)
Stlth    +++.......             (no amulet)
HPRegen  0.22/turn              (no ring)
MPRegen  0.12/turn              (no ring)

@: lethally poisoned (-3 -> -4), slowed, very slow
A: large, unfitting armour, tough skin 1
a: Renounce Religion, Bend Time, Temporal Distortion, Slouch, Step From Time


You were in the Dungeon.
You worshipped Cheibriados.
Cheibriados was extremely pleased with you.
You visited 1 branch

Inventory:

Hand Weapons
 a - a +0 flail of protection
 p - a +1 vorpal hand axe (weapon)
Missiles
 d - 2 throwing nets (quivered)
Armour
 b - a +0 robe (worn)
Scrolls
 j - a scroll of blinking
 l - 5 scrolls of amnesia
 m - a scroll of summoning
Potions
 e - 6 potions of curing
 f - 2 potions of heal wounds
 h - 4 potions of magic
 k - 2 potions of invisibility


   Skills:
 + Level 8.2 Fighting
 + Level 5.5 Axes
 + Level 7.1 Throwing
 + Level 5.5 Dodging
 + Level 4.7 Stealth
 + Level 6.0 Invocations


You had 5 spell levels left.
You didn't know any spells.
Your spell library was empty.

Dungeon Overview and Level Annotations

Branches:
Dungeon (1/1)

Altars:
Ashenzari
Cheibriados
Dithmenos
Elyvilon
Fedhas
Gozag
Hepliaklqana
Kikubaaqudgha
Makhleb
Nemelex Xobeh
Okawaru
Qazlal
Ru
Sif Muna
Trog
Uskayaw
Vehumet
Wu Jian
Xom
Yredelemnul
Zin
The Shining One
Beogh
Jiyva
Lugonu


Innate Abilities, Weirdness & Mutations

You are too large for most types of armour.
You have tough skin. (AC +1)


Message History

The orc warrior hits you with a +0 short sword!
You hit the orc warrior.
The orc warrior is almost dead.
The orc warrior hits you with a +0 short sword!
* * * LOW HITPOINT WARNING * * *
Unknown command.
Okay, then.
You hit the orc warrior but do no damage.
The orc warrior is almost dead.
You feel sick. The orc warrior closely misses you. The orc warrior misses you.
You closely miss the orc warrior.
The orc warrior is almost dead.
You feel sick.
The orc warrior hits you with a +0 short sword!
* * * LOW HITPOINT WARNING * * *
Unknown command.
You feel much better.
The orc warrior hits you with a +0 short sword!
* * * LOW HITPOINT WARNING * * *
The orc warrior barely misses you.
Unknown command.
You closely miss the orc warrior.
The orc warrior is almost dead.
You feel sick.
The orc warrior hits you with a +0 short sword!
* * * LOW HITPOINT WARNING * * *
Unknown command.
You feel much better. The orc warrior closely misses you.
The orc warrior hits you with a +0 short sword!
* * * LOW HITPOINT WARNING * * *
Unknown command.
You feel much better. The orc warrior closely misses you.
Unknown command.
You hit the orc warrior but do no damage.
The orc warrior is almost dead.
You feel sick.
The orc warrior hits you with a +0 short sword!!
* * * LOW HITPOINT WARNING * * *
The orc warrior hits you with a +0 short sword!
You die...

#'#####'#####.....
#.#..#..#..##.....
#.#..).)#).#####'#
#.#..####))##.....
#.#..#..#))##.....
#.#..#..#[[##.....
#.##รท#..#'###...<.
#.#........##.....
#@#........##.....
#o###########.....


#Ko ###### #oz( #).(# #..## #... #... You could see an orc warrior, a kobold
brigand, a wight and 2 orcs.

Vanquished Creatures
  An orc warrior (D)
  A necrophage (D)
  A sky beast (D)
  3 wights (D)
  2 orcs (D)
  2 bat skeletons (D)
  A bat zombie (D)
  2 giant cockroaches (D)
  A hobgoblin (D)
  4 jackals (D)
  A kobold (D)
19 creatures vanquished.

Notes
Turn   | Place    | Note
-------+----------+-------------------------------------------
     0 | D        | rocky1 the Ogre Hunter began the quest for the Orb.
     0 | D        | Reached XP level 1. HP: 22/22 MP: 1/1
    17 | D        | Reached skill level 3 in Fighting
    17 | D        | Reached skill level 1 in Stealth
    21 | D        | Found a bloodstained altar of Trog.
    21 | D        | Found a shimmering blue altar of Sif Muna.
    21 | D        | Found a viscous altar of Jiyva.
    21 | D        | Found a hazy altar of Hepliaklqana.
    21 | D        | Found an opulent altar of Gozag.
    22 | D        | Found a glowing golden altar of the Shining One.
    22 | D        | Found a glowing silver altar of Zin.
    22 | D        | Found a basalt altar of Yredelemnul.
    22 | D        | Found a shimmering altar of Xom.
    22 | D        | Found an ornate altar of the Wu Jian Council.
    22 | D        | Found a sacrificial altar of Ru.
    22 | D        | Found a stormy altar of Qazlal.
    22 | D        | Found an iron altar of Okawaru.
    22 | D        | Found a sparkling altar of Nemelex Xobeh.
    22 | D        | Found a burning altar of Makhleb.
    22 | D        | Found a blossoming altar of Fedhas.
    22 | D        | Found a white marble altar of Elyvilon.
    22 | D        | Found a shadowy altar of Dithmenos.
    22 | D        | Found a snail-covered altar of Cheibriados.
    25 | D        | Found a corrupted altar of Lugonu.
    25 | D        | Found a radiant altar of Vehumet.
    25 | D        | Found a roughly hewn altar of Beogh.
    26 | D        | Found an ancient bone altar of Kikubaaqudgha.
    26 | D        | Found a hide-covered altar of Uskayaw.
    26 | D        | Found a broken altar of Ashenzari.
    33 | D        | Became a worshipper of Cheibriados the Contemplative
    87 | D        | Reached * piety under Cheibriados
   120 | D        | Reached ** piety under Cheibriados
   121 | D        | Reached skill level 1 in Invocations
   121 | D        | Reached XP level 2. HP: 29/31 MP: 2/2
   123 | D        | Reached skill level 1 in Axes
   155 | D        | Reached *** piety under Cheibriados
   156 | D        | Noticed a necrophage
   160 | D        | Reached **** piety under Cheibriados
   173 | D        | Killed a necrophage
   174 | D        | Reached skill level 5 in Fighting
   174 | D        | Reached skill level 5 in Throwing
   174 | D        | Reached XP level 3. HP: 13/42 MP: 3/5
   174 | D        | Reached XP level 4. HP: 16/50 MP: 3/6
   184 | D        | Reached ***** piety under Cheibriados
   410 | D        | Noticed a sky beast
   411 | D        | Killed a sky beast
   411 | D        | Noticed an orc warrior
   412 | D        | Reached skill level 6 in Fighting
   412 | D        | Reached XP level 5. HP: 61/61 MP: 6/8
   412 | D        | Noticed a kobold brigand
   413 | D        | Reached XP level 6. HP: 61/68 MP: 6/9
   413 | D        | Noticed an orc warrior
   414 | D        | Reached skill level 7 in Fighting
   422 | D        | Reached skill level 5 in Axes
   422 | D        | Reached skill level 5 in Dodging
   422 | D        | Reached skill level 5 in Invocations
   429 | D        | Killed an orc warrior
   430 | D        | Reached skill level 8 in Fighting
   440 | D        | Slain by an orc warrior

Illustrated notes

Levels and vault maps discovered:
D:        pitsprint [storerooms_1, entrance_room_1, metal_vault_2, armoury_3,
          mini_pit_1, grid_room_1, main_hall_1, silver_pit, the_coven_1,
          the_vestibule_1, steel_vault_5, golden_pit, hallway_of_sentries,
          crystal_vault_3, iron_vault_2, final_vault]

Skill      XL: |  1  2  3  4  5  6 |
---------------+-------------------+-----
Fighting       | 3 5 6 8 |  8.2
Dodging        | 2 3 4 5 |  5.5
Stealth        | 1 3 4 |  4.7
Invocations    | 1 3 4 6 |  6.0
Axes           | 3 4 5 |  5.5
Throwing       | 5 6 7 |  7.1

Action                   |  1- 3 |  4- 6 || total
-------------------------+-------+-------++-------
Melee: Hand axe          |    31 |    27 ||    58
       Short sword       |     4 |       ||     4
Throw: Large rock        |     4 |     5 ||     9
Invok: Slouch            |       |     1 ||     1
  Use: Potion            |       |     4 ||     4
Armor: Robe              |    26 |     1 ||    27
Dodge: Dodged            |    28 |    31 ||    59

Table legend: (Time is in decaauts)
 A = Elapsed time spent in this place.
 B = Non-inter-level travel time spent in this place.
 C = Inter-level travel time spent in this place.
 D = Time resting spent in this place.
 E = Time spent auto-exploring this place.
 F = Levels seen in this place.
 G = Mean time per level.
                   A        B        C        D        E       F      G
               +--------+--------+--------+--------+--------+-----+--------+
         Total |    533 |    533 |      0 |    188 |      0 |   1 |  533.0 |
       Dungeon |    533 |    533 |      0 |    188 |      0 |   1 |  533.0 |
               +--------+--------+--------+--------+--------+-----+--------+

Top non-repeatable levels by time:
       D: 533 daAuts
